 Dungeon Crawl Stone Soup version 0.25.0-46-gbd7b0854d2 (webtiles) character file.

Game seed: 15501003431554369807

69 Ethylacetat the Shooter (level 4, 0/40 HPs)
             Began as a Naga Hunter on July 12, 2020.
             Slain by Sigmund
             ... wielding a +0 scythe
              (1 damage)
             ... on level 2 of the Dungeon.
             The game lasted 00:03:47 (1919 turns).

Ethylacetat the Shooter (Naga Hunter)               Turns: 1919, Time: 00:03:47

Health: 0/40       AC:  5    Str: 15    XL:     4   Next: 20%
Magic:  4/4        EV:  9    Int: 19    God:
Gold:   60         SH:  0    Dex: 12    Spells: 3/3 levels left

rFire    . . .     SeeInvis +   a - +1 shortbow
rCold    . . .     Gourm    .   (shield currently unavailable)
rNeg     . . .     Faith    .   c - +0 leather armour
rPois    +         Spirit   .   g - +2 helmet of Biunoa {Int+8}
rElec    .         Reflect  .   (no cloak)
rCorr    .         Harm     .   (no gloves)
MR       .....                  (no barding)
Stlth    +.........             (no amulet)
HPRegen  0.13/turn              (no ring)
MPRegen  0.09/turn              (no ring)

@: lethally poisoned (0 -> -1), very slow
A: large, see invisible, deformed body, poison resistance, slowness 2, slow
metabolism 1, spit poison 1, AC +1
a: Spit Poison


You were on level 2 of the Dungeon.
You were hungry.

You visited 1 branch of the dungeon, and saw 2 of its levels.

You collected 60 gold pieces.

Inventory:

Hand Weapons
 a - a +1 shortbow (weapon)
 e - a +2 dagger of pain
Missiles
 d - 29 arrows (quivered)
Armour
 c - a +0 leather armour (worn)
 g - the +2 helmet of Biunoa (worn) {Int+8}
   (You took it off Robin on level 2 of the Dungeon)

   It affects your intelligence (+8).
Scrolls
 b - 3 scrolls of identify {unknown}
 i - a scroll of fear {unknown}
 j - a scroll of teleportation {unknown}
Potions
 k - a potion of stabbing {unknown}
Comestibles
 f - 3 rations


   Skills:
 + Level 2.9 Fighting
 * Level 4.7 Bows
 - Level 1.5 Dodging
 - Level 1.5 Stealth


You had 3 spell levels left.
You didn't know any spells.
Your spell library was empty.

Dungeon Overview and Level Annotations

Branches:
Dungeon (2/15)

Altars:
Trog

Annotations:
D:2 Sigmund


Innate Abilities, Weirdness & Mutations

You cannot wear boots.
Your serpentine skin is tough. (AC +1)
You have supernaturally acute eyesight. (SInv)
Armour fits poorly on your strangely shaped body.
Your system is resistant to poisons. (rPois)
You cover ground very slowly.
You have a slow metabolism.
You can spit poison.


Message History

Press: ? - help, Shift-Dir - straight line, f/p - adder
Aim: an adder (almost dead)
You shoot an arrow. The arrow closely misses the adder.
You feel sick. The adder bites you.
* * * LOW HITPOINT WARNING * * *
Sigmund hits you from afar with a +0 scythe.
* * * LOW HITPOINT WARNING * * *
The adder bites you but does no damage.
Firing (i - inventory)
d - 30 arrows (quivered)
Press: ? - help, Shift-Dir - straight line, f/p - adder
Aim: an adder (almost dead)
You shoot an arrow.
The arrow hits the adder but does no damage.
The adder is almost dead.
The adder bites you.
* * * LOW HITPOINT WARNING * * *
The dart slug closely misses you.
Sigmund is suddenly surrounded by pale green light.
Sigmund hits you from afar with a +0 scythe.
You die...

#######.### #.# #.# #.#
#.# #.### #######....
#.############..........
(.....S@...[............
.......#w...##..........
.#...#..@#..##..........
.(.#...#.††###..........
.. ##.###.## #..........
. #.( ... #..........
...# ..#.# #..........
.#. .#. .# #..........
.### [........


You could see Sigmund (invisible), an adder and a dart slug.

Vanquished Creatures
  Robin (D:2)
  3 worms (D:2)
  2 ball pythons (D:1)
  6 bats
  3 giant cockroaches
  11 goblins
  3 hobgoblins
  5 jackals (D:2)
  4 kobolds
  4 frilled lizards
  3 rats (D:1)
45 creatures vanquished.

Notes
Turn   | Place    | Note
-------+----------+-------------------------------------------
     0 | D:1      | Ethylacetat the Naga Hunter began the quest for the Orb.
     0 | D:1      | Reached XP level 1. HP: 19/19 MP: 1/1
   400 | D:1      | Reached XP level 2. HP: 26/26 MP: 2/2
   514 | D:1      | Reached skill level 4 in Bows
  1030 | D:2      | Identified the +2 helmet of Biunoa {Int+8}
  1030 | D:2      | Noticed Robin
  1043 | D:2      | Reached XP level 3. HP: 16/33 MP: 3/3
  1046 | D:2      | HP: 1/33 [goblin[Robin] (1)]
  1082 | D:2      | Killed Robin
  1479 | D:2      | Reached XP level 4. HP: 40/40 MP: 4/4
  1839 | D:2      | Found a bloodstained altar of Trog.
  1895 | D:2      | Noticed Sigmund
  1919 | D:2      | HP: 1/40 [adder (3)]
  1919 | D:2      | Slain by Sigmund

Illustrated notes

Levels and vault maps discovered:
D:1:      erik_arrival_triangle_medium, layout_loops_ring
D:2:      layout_basic, bloody_trog, minmay_misc_feat_four_crosses, uniq_robin,
          uniq_sigmund

Skill      XL: |  1  2 |
---------------+-------+-----
Bows           | 4 |  4.7
Fighting       | |  2.9
Dodging        | |  1.5
Stealth        | |  1.5

Action                   |  1- 3 |  4- 6 || total
-------------------------+-------+-------++-------
Melee: Short sword       |     9 |       ||     9
       Dagger            |   126 |    27 ||   153
 Fire: Shortbow          |     4 |     8 ||    12
 Abil: Spit Poison       |     4 |     9 ||    13
  Use: Potion            |     2 |       ||     2
 Stab: Sleeping          |     2 |       ||     2
  Eat: Chunk             |     1 |     1 ||     2
Armor: Leather armour    |    52 |    21 ||    73
       Skin              |    32 |       ||    32
Dodge: Dodged            |    64 |    25 ||    89
